 Dungeon Crawl Stone Soup version 0.17-a0-1910-g4c791fa (webtiles) character file.

164 GrandHerb the Gusty (level 5, 0/28 HPs)
             Began as a Tengu Air Elementalist on Sept 25, 2015.
             Was a Follower of Dithmenos.
             Slain by a scorpion (1 damage)
             ... on level 4 of the Dungeon.
             The game lasted 00:25:17 (4541 turns).

GrandHerb the Gusty (Tengu Air Elementalist)        Turns: 4541, Time: 00:25:18

Health: 0/28       AC:  3    Str:  9    XL:     5   Next: 45%
Magic:  5/10       EV: 13    Int: 16    God:    Dithmenos [*.....]
Gold:   206        SH:  0    Dex: 14    Spells: 3 memorised, 1 level left

rFire  . . .     SeeInvis .     h - -2 spear (curse)
rCold  . . .     Clarity  +     a - +0 robe
rNeg   . . .     SustAt   .     (no shield)
rPois  .         Gourm    .     (helmet restricted)
rElec  .         Spirit   .     (no cloak)
rCorr  .         Warding  .     o - +0 pair of gloves
rMut   .         Stasis   .     (boots unavailable)
MR     .....                    p - amulet of clarity (curse)
Stlth  ++........               (no ring)
                                (no ring)

@: lethally poisoned (0 -> -11), hasted, wreathed by umbra, very quick, not
resistant to hostile enchantments, unstealthy
A: beak, talons 3, able to fly 1
a: Fly, Renounce Religion


You were on level 4 of the Dungeon.
You worshipped Dithmenos.
Dithmenos was aware of your devotion.
You were hungry.

You visited 1 branch of the dungeon, and saw 4 of its levels.

You collected 206 gold pieces.

Inventory:

Hand weapons
 d - a +0 dagger
 h - a cursed -2 spear (weapon)
Armour
 a - a +0 robe (worn)
 o - a +0 pair of gloves (worn)
Jewellery
 i - an uncursed amulet of rage
 p - a cursed amulet of clarity (around neck)
Scrolls
 g - a scroll of fog
 l - a scroll of recharging
 n - 2 scrolls of magic mapping
Potions
 e - 2 potions of haste
 f - a potion of might {unknown}
 j - 2 potions of magic {unknown}
 k - a potion of resistance {unknown}
 r - a potion of lignification {unknown}
 s - 3 potions of curing {unknown}
 t - a potion of beneficial mutation {unknown}
Books
 b - a book of Air

   Spells                             Type                      Level
   a - Shock                          Conjuration/Air              1
   b - Swiftness                      Charms/Air                   2
   c - Repel Missiles                 Charms/Air                   2
   d - Static Discharge               Conjuration/Air              3
   e - Lightning Bolt                 Conjuration/Air              5
Comestibles
 c - 3 bread rations
 m - 2 meat rations
 q - a fruit
 u - 2 slices of pizza


   Skills:
 + Level 1.3 Short Blades
 + Level 3.3 Dodging
 + Level 2.4 Stealth
 + Level 2.9 Spellcasting
 + Level 3.5 Conjurations
 + Level 4.7 Air Magic


You had one spell level left.
You knew the following spells:

 Your Spells              Type           Power        Failure   Level  Hunger
a - Shock                 Conj/Air       ###.         4%          1    #......
b - Swiftness             Chrm/Air       #.......     12%         2    ##.....
c - Lightning Bolt        Conj/Air       ###.......   91%         5    ######.


Dungeon Overview and Level Annotations

Branches:
Dungeon (4/15)
 Temple: D:4-7

Altars:
Dithmenos
Fedhas
Trog
The Shining One


Innate Abilities, Weirdness & Mutations

You have a beak for a mouth.
You have claws for feet.
You can fly.


Message History

You see here a jackal corpse.
You see here a jackal corpse.
You feel sluggish.
You feel sick.
You feel sick.
A giant newt comes into view.
You start to feel a little faster.
You feel sick.
You hear the brisk hiss of an avalanche of sand nearby.
You feel sick.
You no longer feel sluggish.
The scorpion stings you.
* * * LOW HITPOINT WARNING * * *
You are lethally poisoned!
The scorpion poisons you!
Drink which item? (? for menu, Esc to quit)
It was a potion of haste.
You feel yourself speed up.
* * * LOW HITPOINT WARNING * * *
You feel sick. The scorpion stings you.
You die...

.......#
######.##########
#8....s.†..# ##########s#
#.############
#.............
##########...<####
............#.#
.#.###.#@..#...#######.##
#.sl#####..<..).))..
#.....#...#######..[
....(..#.# # ..##..##...
... #..##.### .. #..# .#
. #... # ..#.


You could see a scorpion and a giant newt.

Vanquished Creatures
  6 adders
  2 oozes
  4 worms
  A giant gecko (D:1)
  8 orcs
  7 bats
  5 giant cockroaches
  7 hobgoblins
  8 jackals
  6 kobolds
  2 quokkas (D:3)
  5 giant newts
  11 goblins
  6 rats
78 creatures vanquished.

Vanquished Creatures (others)
  2 fungi (D:3)
2 creatures vanquished.

Grand Total: 80 creatures vanquished

Notes
Turn   | Place    | Note
--------------------------------------------------------------
     0 | D:1      | GrandHerb the Tengu Air Elementalist began the quest for the Orb.
     0 | D:1      | Reached XP level 1. HP: 10/10 MP: 4/4
   172 | D:1      | Reached XP level 2. HP: 10/15 MP: 0/6
   180 | D:1      | Learned a level 2 spell: Swiftness
   996 | D:1      | Reached XP level 3. HP: 19/19 MP: 2/7
  1555 | D:2      | Reached XP level 4. HP: 21/24 MP: 4/8
  1580 | D:2      | Found a shadowy altar of Dithmenos.
  1599 | D:2      | Became a worshipper of Dithmenos the Shadowed
  2045 | D:2      | Found a bloodstained altar of Trog.
  2953 | D:3      | Found a blossoming altar of Fedhas.
  3550 | D:3      | Gained mutation: You can fly. [Tengu growth]
  3550 | D:3      | Reached XP level 5. HP: 28/28 MP: 7/10
  3597 | D:3      | Learned a level 5 spell: Lightning Bolt
  3657 | D:3      | Reached skill level 1 in Short Blades
  4035 | D:3      | Found a glowing golden altar of the Shining One.
  4541 | D:4      | HP: 1/28 [poisoned by a scorpion]
  4541 | D:4      | Slain by a scorpion

Vault maps used:
D:1:      dpeg_arrival_solitude, minmay_misc_feat_pillars
D:2:      lightli_temple_of_fire, nicolae_dithmenos_shadow_blocks, first_bread,
          dk_noncrumbling_2, dk_noncrumbling_3
D:3:      fedhas_altar_3, tso_altar, serial_co_window_serial, co_window_paths_b,
          co_window_cross_1, co_window_paths_b, co_window_paths_b,
          co_window_paths_a, co_window_of_opportunity_a,
          co_window_unsneaky_path_e, co_window_of_opportunity_c,
          co_window_broadway_b
D:4:      lightli_ossuary_entry_decrepit_ruins, uniq_crazy_yiuf_cottage

Action                   |  1- 3 |  4- 6 || total
-------------------------+-------+-------++-------
Melee: Dagger            |    38 |       ||    38
       Spear             |       |    31 ||    31
 Cast: Shock             |    43 |   112 ||   155
       Swiftness         |       |     2 ||     2
  Use: Scroll            |       |     4 ||     4
       Potion            |       |     1 ||     1
 Stab: Sleeping          |     4 |     2 ||     6
  Eat: Chunk             |     2 |    10 ||    12
